Map: [ESL] Berlingrad

Players

uThermal - Winner!

  • Race: Terran Terran

Kelazhur

  • Race: Terran Terran

Event: IEM Katowice 2022

VOD

Have the link to the VOD?

Description

Time

  • Played on: Feb. 23, 2022, 6:11 a.m.
  • Length: 22:38

All games in this series

Show
View Real Time Build Order
Export as new Build Order

uThermal Terran - Winner!

Build Orders:  

Get SALT Encoding   

  12  0:00  SCV  
  13  0:12  SCV  
  14  0:17  Supply Depot  
  14  0:24  SCV  
  15  0:38  SCV  
  15  0:40  Barracks  
  16  0:43  Refinery  
  16  0:50  SCV  
  16  0:52  Refinery  
  17  1:02  SCV  
  18  1:14  SCV  
  19  1:27  Reaper, Orbital Command  
  19  1:28  Supply Depot  
  20  1:43  Factory  
  20  1:53  SCV  
  21  1:59  Reaper  
  22  2:05  SCV  
  23  2:17  SCV  
  24  2:23  Command Center  
  24  2:29  Hellion  
  26  2:32  SCV  
  26  2:34  Barracks Reactor  
  27  2:43  Starport  
  27  2:45  SCV  
  28  2:53  Supply Depot  
  28  2:55  Widow Mine  
  28  2:57  SCV  
  31  3:14  SCV, Marine x2  
  31  3:17  Factory Tech Lab  
  31  3:19  Medivac  
  36  3:26  SCV  
  37  3:27  Refinery  
  37  3:32  Marine x2  
  39  3:35  Siege Tank  
  39  3:40  Orbital Command  
  42  3:43  SCV  
  43  3:50  Marine x2  
  43  3:51  Starport Tech Lab  
  46  3:55  SCV  
  46  4:00  Supply Depot  
  46  4:05  SCV  
  46  4:07  SCV  
  48  4:11  Cyclone  
  48  4:16  Marine x2  
  53  4:18  SCV  
  53  4:22  SCV  
  53  4:23  Raven  
  57  4:29  Supply Depot  
  57  4:30  SCV  
  58  4:34  SCV, Marine x2  
  61  4:40  Supply Depot  
  61  4:46  SCV  
  61  4:50  SCV, Siege Tank  
  61  4:52  Supply Depot  
  66  4:53  Marine x2  
  68  5:01  SCV  
  68  5:04  Supply Depot  
  68  5:05  SCV  
  68  5:06  Raven  
  72  5:11  Marine x2  
  72  5:13  SCV  
  73  5:17  SCV  
  74  5:23  Command Center  
  74  5:25  SCV  
  75  5:30  Siege Tank  
  75  5:31  SCV  
  75  5:35  Marine  
  80  5:36  Refinery, Marine  
  80  5:38  SCV  
  82  5:43  Supply Depot, SCV  
  83  5:50  SCV  
  83  5:55  SCV  
  85  6:01  Supply Depot  
  85  6:02  SCV, Siege Tank  
  85  6:03  Viking x2  
  93  6:06  Marine  
  93  6:07  Stimpack  
  93  6:08  SCV  
  95  6:13  Supply Depot  
  95  6:14  SCV  
  96  6:20  SCV  
  96  6:25  Barracks  
  97  6:26  Barracks, SCV  
  97  6:32  SCV  
  99  6:37  Viking x2  
  102  6:43  Siege Tank  
  102  6:44  SCV  
  102  6:46  Marine  
  103  6:52  SCV  
  101  7:05  SCV, Marine, Engineering Bay  
  101  7:07  Viking x2  
  103  7:11  SCV  
  103  7:13  Barracks Reactor x2  
  103  7:15  Siege Tank  
  107  7:17  SCV  
  98  7:22  Marine  
  98  7:23  SCV  
  98  7:28  Engineering Bay  
  98  7:29  SCV  
  100  7:35  SCV  
  92  7:40  Marine  
  92  7:42  SCV  
  92  7:43  Viking x2  
  90  7:45  Orbital Command  
  90  7:47  Siege Tank  
  90  7:48  SCV, Combat Shield  
  90  7:50  Marine  
  90  7:51  Marine  
  95  7:53  Marine  
  95  7:54  Marine  
  97  7:59  Terran Infantry Weapons Level 1  
  97  8:00  Terran Infantry Armor Level 1  
  97  8:04  Marine  
  98  8:07  SCV  
  98  8:08  Marine x2  
  98  8:10  Marine  
  100  8:14  Viking  
  100  8:16  Sensor Tower  
  100  8:19  Siege Tank  
  105  8:20  Marine  
  105  8:21  SCV  
  105  8:25  Marine  
  105  8:26  Refinery x2, Marine  
  108  8:29  Supply Depot, SCV  
  108  8:30  SCV, Marine  
  111  8:35  Marine  
  111  8:38  SCV, Marine  
  114  8:41  SCV  
  114  8:43  Marine  
  114  8:44  Supply Depot, Marine  
  114  8:54  Marine x2  
  102  8:56  Marine, Siege Tank  
  102  8:59  SCV  
  102  9:02  Marine  
  107  9:06  SCV, Armory  
  107  9:08  SCV  
  107  9:09  Barracks  
  109  9:10  Barracks  
  109  9:12  Marine x2  
  110  9:17  Missile Turret x2, SCV  
  110  9:20  SCV  
  110  9:22  SCV  
  113  9:25  Supply Depot, Marine  
  113  9:27  Marine  
  113  9:29  SCV, Medivac  
  119  9:31  Medivac  
  119  9:34  SCV  
  119  9:35  SCV, Marine  
  124  9:39  Marine  
  124  9:40  Supply Depot  
  124  9:42  SCV  
  124  9:44  Marine  
  127  9:46  Siege Tank  
  127  9:51  Marine  
  130  9:53  Factory  
  130  9:55  Barracks Reactor  
  130  9:57  Terran Infantry Weapons Level 2, Sensor Tower  
  130  9:59  Marine  
  131  10:02  Terran Infantry Armor Level 2  
  131  10:05  Marine x2  
  134  10:13  Marine  
  134  10:14  Barracks Reactor  
  134  10:18  Marine  
  134  10:19  Command Center  
  135  10:22  Siege Tank  
  135  10:24  SCV x2  
  135  10:27  Terran Vehicle Weapons Level 1, Marine  
  141  10:29  Barracks Reactor  
  141  10:37  Marine, Siege Tank  
  141  10:38  Marine  
  141  10:40  Marine x2  
  149  10:43  SCV  
  149  10:45  Marine  
  149  10:47  Viking x2  
  154  10:51  Supply Depot  
  154  10:53  Marine x2  
  154  10:54  Marine  
  154  10:55  Missile Turret  
  154  10:56  Marine  
  158  11:00  Marine, Siege Tank  
  158  11:02  Marine x2  
  164  11:04  Marine  
  164  11:08  Supply Depot  
  164  11:11  Supply Depot  
  165  11:12  Marine, Siege Tank  
  165  11:13  Marine  
  165  11:17  SCV x2  
  172  11:22  Supply Depot  
  172  11:24  Marine  
  173  11:29  Marine x2  
  173  11:30  Supply Depot, Liberator x2  
  175  11:33  Marine  
  175  11:36  Marine, Siege Tank  
  175  11:39  SCV x3  
  178  11:48  Missile Turret, Marine x2  
  178  11:50  Missile Turret  
  178  11:51  SCV, Siege Tank  
  178  11:52  Missile Turret  
  184  11:58  Marine x2  
  186  12:03  Planetary Fortress  
  186  12:05  Marine  
  186  12:06  Marine x2  
  186  12:08  Marine x2, Siege Tank  
  194  12:14  SCV, Marine  
  196  12:18  Marine x2  
  198  12:24  Terran Infantry Armor Level 3, Marine x2, Terran Infantry Weapons Level 3  
  200  12:39  Starport  
  200  12:41  Starport  
  200  13:05  Siege Tank  
  184  13:06  Marine  
  184  13:09  Siege Tank  
  170  13:21  Marine x2  
  170  13:23  Starport Tech Lab x2  
  170  13:27  Viking x2  
  174  13:28  Command Center  
  174  13:29  Command Center  
  174  13:30  Marine x2  
  178  13:37  Siege Tank  
  178  13:39  Marine x2  
  183  13:41  Refinery x2, Siege Tank  
  183  13:44  Command Center  
  183  13:45  Marine  
  183  13:48  Marine  
  188  14:02  Marine  
  182  14:04  Marine x2  
  182  14:05  Raven, Corvid Reactor  
  182  14:07  Supply Depot, Marine  
  182  14:08  Marine  
  182  14:09  Supply Depot, Marine, Siege Tank  
  185  14:10  Marine  
  185  14:15  Marine  
  188  14:21  Siege Tank  
  188  14:23  Marine x2  
  189  14:29  Banshee, Marine x2  
  189  14:30  Marine  
  189  14:31  Marine x2  
  196  14:33  Marine  
  196  14:34  Marine  
  196  14:37  Marine  
  176  14:41  Marine x2, Siege Tank  
  166  14:46  Marine x2  
  166  14:48  Marine  
  166  14:49  Marine x2  
  166  14:50  Marine  
  166  14:52  Marine  
  157  14:53  Siege Tank  
  157  14:54  Raven  
  157  14:55  SCV, Marine  
  157  14:59  Marine x2, Orbital Command  
  166  15:04  Marine x2  
  166  15:05  Marine  
  169  15:07  Marine  
  169  15:13  Siege Tank  
  173  15:19  Marine  
  174  15:25  Siege Tank  
  177  15:34  Marine x2  
  177  15:39  Planetary Fortress  
  177  15:40  Marine x2  
  179  15:45  Siege Tank  
  179  15:49  Marine  
  182  15:50  Marine  
  182  15:52  Marine x2  
  182  15:53  Marine  
  182  15:54  Marine  
  183  15:57  Marine x2, Siege Tank  
  188  16:06  Missile Turret  
  188  16:07  Missile Turret  
  188  16:09  Marine  
  189  16:12  Marine x2  
  189  16:15  Missile Turret  
  189  16:17  Siege Tank, Viking, Command Center  
  196  16:19  Missile Turret  
  196  16:20  Orbital Command  
  196  16:29  Siege Tank  
  196  16:32  Orbital Command  
  193  16:49  Siege Tank  
  193  16:50  Raven x2  
  200  16:55  Missile Turret  
  200  16:57  Missile Turret  
  200  16:58  Missile Turret  
  200  16:59  Missile Turret  
  173  17:11  Marine, Siege Tank  
  177  17:17  Marine  
  177  17:18  Marine x2  
  177  17:19  Marine x2  
  177  17:22  Viking x2  
  135  17:23  Marine x4  
  135  17:27  Refinery x2, Siege Tank  
  135  17:29  Missile Turret, Marine  
  139  17:31  Missile Turret  
  139  17:33  Viking, Raven  
  139  17:35  Marine x2  
  139  17:36  SCV x2, Marine  
  148  17:37  Marine x2  
  148  17:39  SCV  
  148  17:40  Sensor Tower  
  148  17:41  Marine  
  148  17:42  Missile Turret  
  152  17:45  Siege Tank  
  152  17:54  Marine x2  
  154  17:59  Siege Tank  
  154  18:03  Raven  
  159  18:07  SCV  
  159  18:08  SCV x3  
  163  18:13  Viking  
  163  18:17  Viking, Siege Tank  
  170  18:20  Marine x2  
  169  18:27  Marine x2  
  169  18:31  Marine x2, Siege Tank  
  176  18:34  Marine x2  
  178  18:43  Marine  
  178  18:46  Raven  
  178  18:47  Marine  
  182  18:49  Siege Tank  
  182  18:54  Marine  
  186  18:58  Marine  
  186  19:02  Orbital Command, Marine x2  
  177  19:03  Marine, Siege Tank  
  177  19:05  Marine  
  178  19:21  Siege Tank  
  178  19:22  Marine  
  178  19:23  Marine  
  180  19:25  Raven  
  180  19:27  Marine  
  180  19:28  Marine x3  
  183  19:32  Raven  
  183  19:33  Viking x2  
  183  19:35  Siege Tank  
  192  19:38  Marine  
  192  19:39  Marine  
  192  19:41  Sensor Tower  
  192  19:42  Marine x2  
  196  19:47  Marine x2  
  196  19:49  Marine  
  199  19:59  Command Center  
  199  20:03  Marine, Command Center  
  187  20:15  Marine, Siege Tank  
  187  20:17  Viking  
  187  20:18  Viking, Marine  
  187  20:19  Smart Servos  
  187  20:20  Marine  
  180  20:21  Marine x3  
  180  20:22  Marine  
  180  20:24  Missile Turret  
  180  20:25  Missile Turret  
  180  20:27  Missile Turret, Sensor Tower  
  184  20:29  Siege Tank  
  184  20:30  Marine  
  184  20:31  Marine  
  184  20:35  Missile Turret  
  189  20:47  Siege Tank  
  189  20:51  Marine x3  
  189  21:01  Marine, Siege Tank  
  189  21:02  Marine  
  189  21:03  Viking x3  
  193  21:06  Viking  
  193  21:09  Marine x2  
  193  21:10  Marine x2  
  199  21:11  Marine  
  197  21:26  Marine  
  197  21:31  Marine x2  
  198  21:34  Viking  
  200  21:40  Refinery, Command Center  
  200  21:41  Command Center  
  194  21:58  Marine  
  194  21:59  Marine  
  184  22:01  Marine  
  184  22:02  Siege Tank  
  184  22:03  Marine  
  184  22:04  Marine  
  184  22:08  Marine x2  
  200  22:16  Command Center  
  200  22:18  Command Center  
Show
View Real Time Build Order
Export as new Build Order

Kelazhur Terran 

Build Orders:  

Get SALT Encoding   

  12  0:00  SCV  
  13  0:12  SCV  
  14  0:17  Supply Depot  
  14  0:24  SCV  
  15  0:38  SCV  
  15  0:39  Barracks  
  15  0:42  Refinery  
  16  0:50  SCV  
  16  0:52  Refinery  
  17  1:02  SCV  
  18  1:14  SCV  
  19  1:26  Reaper, Orbital Command  
  19  1:27  Supply Depot  
  20  1:40  Factory  
  20  1:52  SCV  
  21  1:58  Reaper  
  22  2:04  SCV  
  23  2:18  SCV, Command Center  
  24  2:25  Factory Tech Lab  
  24  2:28  Hellion  
  26  2:30  SCV  
  26  2:35  Supply Depot  
  26  2:36  Barracks Tech Lab  
  27  2:42  SCV  
  28  2:46  Starport  
  28  2:54  SCV  
  29  3:03  Cyclone  
  29  3:05  Barracks Tech Lab  
  32  3:07  SCV  
  33  3:15  Refinery  
  33  3:19  SCV  
  34  3:29  Banshee  
  34  3:30  Orbital Command  
  34  3:32  SCV  
  34  3:33  Marine  
  39  3:40  Cyclone  
  42  3:44  SCV  
  43  3:49  Supply Depot  
  43  3:51  Barracks Reactor  
  43  3:56  SCV  
  43  3:57  SCV  
  45  4:08  SCV  
  45  4:09  SCV  
  47  4:12  Raven  
  49  4:20  SCV  
  49  4:21  SCV  
  51  4:28  Command Center, Siege Tank  
  54  4:32  SCV  
  54  4:33  SCV  
  54  4:36  Supply Depot  
  56  4:40  Marine  
  56  4:41  Marine  
  58  4:45  SCV x2  
  58  4:50  Supply Depot  
  60  4:56  Raven  
  60  4:58  SCV x2  
  64  5:00  Supply Depot  
  64  5:01  Marine x2  
  64  5:02  Refinery  
  66  5:10  SCV x2  
  66  5:14  Siege Tank  
  69  5:22  SCV x2, Marine x2  
  72  5:29  Barracks  
  72  5:31  Barracks  
  72  5:34  SCV  
  73  5:40  Orbital Command  
  73  5:42  SCV  
  74  5:46  SCV, Siege Tank  
  78  5:51  Viking x2  
  78  5:55  SCV  
  83  5:57  Stimpack  
  83  5:58  Supply Depot  
  83  5:59  Marine  
  83  6:01  SCV  
  85  6:05  Orbital Command  
  85  6:10  SCV  
  85  6:11  Engineering Bay  
  86  6:12  Engineering Bay  
  86  6:13  SCV  
  86  6:16  Marine  
  88  6:18  Siege Tank  
  88  6:21  Barracks Reactor x2  
  88  6:24  SCV  
  92  6:27  Viking x2  
  96  6:33  SCV  
  96  6:38  SCV  
  95  6:41  SCV  
  95  6:45  SCV  
  97  6:50  SCV  
  97  6:51  Marine  
  97  6:53  SCV  
  97  6:56  Siege Tank  
  98  7:04  SCV  
  98  7:05  Viking x2, Marine x2  
  98  7:06  SCV  
  100  7:13  SCV, Marine x2  
  85  7:16  SCV  
  85  7:18  Marine  
  85  7:19  SCV  
  80  7:23  Marine x2  
  80  7:25  SCV  
  80  7:28  SCV, Siege Tank  
  82  7:31  SCV, Marine x2  
  82  7:36  Marine  
  79  7:37  SCV  
  79  7:39  Liberator  
  79  7:40  Liberator  
  79  7:41  SCV  
  79  7:42  Marine  
  79  7:44  SCV, Marine  
  85  7:48  Marine  
  85  7:49  SCV  
  88  7:53  SCV  
  88  7:57  SCV  
  90  7:59  Marine x2, Combat Shield  
  90  8:00  Marine  
  90  8:01  SCV  
  94  8:07  SCV  
  94  8:09  SCV  
  94  8:10  Marine x2  
  93  8:13  SCV  
  93  8:17  Siege Tank  
  93  8:18  Marine x2  
  93  8:19  SCV  
  100  8:21  SCV  
  100  8:25  SCV, Marine  
  103  8:30  Marine x2  
  103  8:31  SCV  
  103  8:33  SCV, Terran Infantry Weapons Level 1  
  107  8:34  Terran Infantry Armor Level 1  
  107  8:38  SCV  
  108  8:43  SCV  
  108  8:47  Marine  
  108  8:48  SCV, Marine  
  109  8:49  Supply Depot  
  109  8:50  Supply Depot, SCV  
  109  8:51  Supply Depot  
  109  8:55  SCV  
  84  8:58  Marine  
  84  9:00  SCV  
  84  9:01  Marine  
  84  9:02  SCV  
  88  9:03  Marine  
  88  9:04  Siege Tank  
  88  9:05  Medivac x2  
  88  9:07  SCV  
  94  9:12  SCV, Refinery x2, Marine x2  
  94  9:14  SCV  
  98  9:19  SCV  
  99  9:27  SCV, Marine x3  
  100  9:32  SCV x2  
  100  9:33  Barracks  
  100  9:34  Barracks  
  102  9:39  SCV, Armory  
  102  9:40  Marine x2  
  102  9:44  SCV x2  
  102  9:45  Marine  
  108  9:48  Marine, Siege Tank  
  108  9:49  Marine  
  108  9:50  Medivac x2  
  108  9:51  SCV  
  118  9:56  SCV x2  
  120  10:00  Supply Depot  
  120  10:01  Marine x2  
  120  10:04  Supply Depot  
  120  10:06  SCV  
  123  10:07  Supply Depot  
  123  10:08  Supply Depot  
  123  10:09  SCV x2  
  123  10:11  Marine x2  
  127  10:21  Marine x2, Siege Tank  
  129  10:23  Barracks Reactor  
  129  10:25  Barracks Reactor, Factory  
  130  10:29  Command Center  
  130  10:31  Barracks Reactor  
  130  10:32  Terran Infantry Weapons Level 2  
  129  10:36  Terran Infantry Armor Level 2  
  129  10:43  Marine  
  129  10:49  Marine x3  
  133  10:51  Sensor Tower  
  133  10:53  Siege Tank  
  136  10:57  Supply Depot, Terran Vehicle Weapons Level 1  
  136  10:59  Marine  
  136  11:01  Marine  
  138  11:04  Supply Depot, Marine  
  138  11:05  Marine x2  
  138  11:06  Marine  
  138  11:07  Medivac x2  
  138  11:09  Marine  
  138  11:10  Marine  
  146  11:11  Marine x2  
  146  11:17  Marine, Siege Tank  
  152  11:19  Marine  
  152  11:25  Siege Tank  
  153  11:34  Marine  
  153  11:35  Marine x8  
  153  11:36  Marine  
  160  11:49  SCV x3, Siege Tank  
  160  11:50  Supply Depot  
  160  11:52  Marine, Medivac x2  
  160  11:53  Marine x2  
  172  12:01  Marine  
  172  12:04  Marine  
  174  12:08  Marine  
  174  12:09  Marine x5  
  174  12:10  Marine  
  174  12:11  Marine  
  174  12:15  Planetary Fortress  
  181  12:16  SCV  
  181  12:22  SCV  
  183  12:25  Siege Tank x2  
  183  12:28  SCV  
  183  12:29  Marine  
  190  12:30  Marine x8  
  190  12:32  Marine  
  190  12:36  Viking  
  199  12:47  Marine  
  200  12:56  Command Center  
  200  12:58  Terran Vehicle Weapons Level 2  
  198  13:00  Marine  
  198  13:03  Marine  
  198  13:04  Marine x7  
  196  13:10  Marine  
  186  13:19  Marine  
  165  13:20  Siege Tank  
  165  13:21  Marine  
  165  13:22  Marine x4  
  166  13:28  Medivac  
  166  13:29  Medivac  
  166  13:30  Marine, Terran Infantry Weapons Level 3  
  166  13:31  Marine  
  166  13:32  Marine  
  173  13:37  Refinery x2  
  173  13:39  Barracks  
  173  13:40  Starport  
  172  13:41  Barracks  
  172  13:42  Starport  
  172  13:43  Siege Tank  
  172  13:46  Marine  
  172  13:47  Marine x6  
  174  13:48  Marine x2  
  175  14:01  Marine  
  162  14:08  Marine x7, Siege Tank  
  162  14:09  Marine  
  154  14:12  Medivac x2  
  154  14:13  Marine  
  157  14:19  Marine  
  158  14:25  Marine  
  158  14:26  Marine x3  
  158  14:30  Marine  
  158  14:31  Marine  
  155  14:34  Marine x3  
  155  14:37  Marine  
  134  14:43  Marine  
  134  14:44  Marine x3  
  118  14:48  Marine x2  
  116  14:56  SCV, Marine  
  116  14:57  SCV  
  116  14:58  Siege Tank x2  
  116  14:59  Medivac x2  
  129  15:01  Marine x3  
  129  15:02  Marine x4  
  129  15:04  SCV  
  137  15:08  SCV  
  137  15:09  SCV  
  139  15:15  Terran Vehicle Weapons Level 3  
  139  15:16  SCV  
  139  15:21  SCV x2  
  142  15:28  SCV  
  138  15:30  Siege Tank  
  138  15:33  SCV x2  
  138  15:35  Marine x7  
  137  15:40  SCV  
  144  15:45  SCV  
  144  15:47  SCV  
  146  15:53  Medivac  
  146  15:56  Marine  
  146  15:57  Marine  
  147  15:58  Siege Tank  
  156  16:08  Command Center  
  150  16:28  Siege Tank  
  150  16:29  Starport  
  150  16:32  Starport  
  153  16:47  Siege Tank  
  153  16:50  Terran Infantry Armor Level 3  
  153  16:51  Marine  
  153  16:52  Marine  
  153  16:53  Marine x7  
  160  17:07  Marine  
  136  17:09  Marine, Siege Tank  
  136  17:10  Marine  
  136  17:12  Marine x3  
  140  17:18  Marine x4  
  140  17:19  Siege Tank  
  124  17:26  Marine  
  124  17:27  Orbital Command  
  124  17:28  Marine  
  124  17:29  Marine  
  127  17:30  Marine  
  128  17:40  Command Center  
  128  17:44  Starport Tech Lab  
  128  17:45  Starport Tech Lab  
  128  17:48  Siege Tank  
  128  17:52  Marine  
  128  17:55  Marine x5  
  128  17:57  Marine, Siege Tank  
  137  18:10  Marine x2  
  137  18:11  Raven, Medivac x2  
  137  18:12  Raven  
  146  18:25  Marine, Siege Tank  
  147  18:29  Marine x4  
  147  18:31  Siege Tank  
  154  18:42  Marine  
  154  18:45  Marine  
  154  18:46  Marine x5  
  150  18:57  Siege Tank  
  150  19:00  Marine x4  
  149  19:03  Raven, Marine, Siege Tank  
  149  19:04  Marine x2  
  152  19:20  Marine x3  
  142  19:28  Raven  
  142  19:30  Siege Tank  
  141  19:32  Marine, Orbital Command  
  141  19:37  Orbital Command  
  142  19:38  Marine  
  142  19:39  Refinery x2, Marine x3  
  142  19:58  Marine x6  
  134  20:15  Marine  
  134  20:17  Marine x2  
  131  20:22  Marine  
  131  20:26  Marine  
  131  20:27  SCV x3  
  137  20:29  Command Center  
  137  20:32  Marine  
  138  20:40  Siege Tank  
  140  20:53  Marine  
  140  20:55  Orbital Command  
  141  21:01  Marine  
  137  21:04  Marine, Siege Tank  
  137  21:05  Marine x6  
  144  21:14  Marine x2  
  149  21:18  Marine  
  149  21:22  Marine  
  149  21:23  Marine x4  
  153  21:32  Marine x2  
  152  21:35  Refinery  
  152  21:36  Refinery  
  145  21:40  Marine x3  
  150  21:50  Marine  
  142  21:58  Marine x3  
  124  22:07  SCV  
  126  22:13  Barracks  
  126  22:14  Marine  
  126  22:15  Barracks x3  
  126  22:16  Barracks, Marine x2  
  126  22:22  SCV  

Tags
 
Add a new tag
Caveats
  • Supply blocks, unpowered buildings, or Contaminate may cause inaccurate times.
  • Supply counts are checked every 10 seconds.